 Dungeon Crawl Stone Soup version 0.28.0-43-g3370ac3207 (webtiles) character file.

Game seed: 6366305414314285019

75 zeram the Skirmisher (level 4, -7/29 HPs)
             Began as a Gargoyle Fighter on Mar 19, 2022.
             Mangled by Sigmund
             ... wielding a +0 scythe
              (10 damage)
             ... on level 2 of the Dungeon.
             The game lasted 00:02:35 (1742 turns).

zeram the Skirmisher (Gargoyle Fighter)             Turns: 1742, Time: 00:02:36

Health: -7/29      AC:  0    Str: 22    XL:     4   Next: 31%
Magic:  4/4        EV: 13    Int:  8    God:
Gold:   98         SH:  0    Dex:  9    Spells: 3/3 levels left

rFire   . . .      SeeInvis .   (weapon currently unavailable)
rCold   . . .      Faith    .   (shield currently unavailable)
rNeg    + . .      Spirit   .   (armour currently unavailable)
rPois   ∞          Reflect  .   (helmet currently unavailable)
rElec   .          Harm     .   (cloak currently unavailable)
rCorr   .          Rampage  .   (gloves currently unavailable)
Will    .....                   (boots currently unavailable)
Stlth   +.........              (no amulet)
HPRegen 0.09/turn               (ring currently unavailable)
MPRegen 0.09/turn               (ring currently unavailable)

@: confused, mighty, pig-form (expiring), very quick
A: fast, no casting, sickness immunity, AC +3, small, negative energy resistance
1, (electricity resistance), torment resistance 1, petrification resistance
a: no special abilities


You were on level 2 of the Dungeon.
You were a filthy swine.
You visited 1 branch of the dungeon, and saw 2 of its levels.

You collected 98 gold pieces.

Inventory:

Hand Weapons
 a - a +0 flail (melded)
Armour
 b - a +0 scale mail (melded)
 c - a +0 buckler (melded)
Scrolls
 e - a scroll of teleportation {unknown}
 f - a scroll of enchant armour {unknown}
 g - a scroll of fog {unknown}
 h - a scroll of fear {unknown}
 i - a scroll of identify {unknown}
 j - a scroll of blinking {unknown}
Potions
 k - a potion of cancellation {unknown}


   Skills:
 + Level 3.9 Fighting
 + Level 3.0 Maces & Flails
 + Level 3.9 Armour
 + Level 0.3 Dodging
 + Level 3.6 Shields


You had 3 spell levels left.
You didn't know any spells.
Your spell library was empty.

Dungeon Overview and Level Annotations

Branches:
Dungeon (2/15)

Altars:

Annotations:
D:2 Sigmund


Innate Abilities, Weirdness & Mutations

You are a filthy swine.
You move quickly.
Your equipment is almost entirely melded.
You are incapable of wielding weapons or throwing items.
You cannot cast spells.
You are immune to sickness and miasma.
((Your stone body is resilient. (AC +3)))
You are immune to poison.
You resist negative energy. (rN+)
((You are resistant to electric shocks. (rElec)))
You are resistant to unholy torment.
You are immune to petrification.


Message History

You sock Sigmund!
Sigmund is moderately wounded.
Sigmund zaps a wand.
You turn into a filthy swine.
Your +0 flail melds into your body.
Your +0 buckler melds into your body.
Your +0 scale mail melds into your body.
You bite Sigmund!
Sigmund is heavily wounded.
Sigmund points at you and mumbles some strange words.
The magic dart hits you!
You hit Sigmund.
Sigmund is severely wounded.
Sigmund flickers, as though insubstantial.
Sigmund closely misses you.
You bite Sigmund!
Sigmund is almost dead.
Sigmund drinks a potion.
Sigmund seems to speed up.
You barely miss Sigmund.
Sigmund is almost dead.
Sigmund gestures at you while chanting.
You are confused.
You bump into the rock wall.
Sigmund misses you.
You bump into the rock wall.
Sigmund closely misses you.
You're too confused to move!
Sigmund says, "I'm your fate."
Sigmund points at you and mumbles some strange words.
The puff of flame hits you! Sigmund closely misses you.
You bump into the rock wall.
Your transformation is almost over.
Sigmund hits you with a +0 scythe!
* * * LOW HITPOINT WARNING * * *
You bump into the rock wall.
Sigmund mumbles some strange words.
Sigmund flickers and vanishes!
Deactivating autopickup; reactivate with Ctrl-A.
You hear some strange, mumbled words.
You are more confused.
You bump into the rock wall.
Something hits you.
* * * LOW HITPOINT WARNING * * *
You bump into the rock wall.
Something hits you!
You die...

##[...........#..##..#..#
##....####....#..)[..#..#
..............#.....##.##
..................###..#
.............#........## .
.............###....###...
♣..##+##.......######...#
♣.....##....).....{...#
♣.#....#....<..#h####.....
#.#....#.....).#.# .#.
..#..............#
..............>..#
...#.).............
...#................
...#...............#
...####........##.##
...............


There were no monsters in sight!

Vanquished Creatures
  Jessica (D:2)
  An adder (D:2)
  A worm (D:2)
  A dart slug (D:1)
  5 endoplasms
  4 goblins
  4 hobgoblins
  A jackal (D:1)
  4 quokkas
  A ball python (D:1)
  3 bats
  2 frilled lizards (D:1)
  3 kobolds (D:2)
  A rat (D:2)
32 creatures vanquished.

Vanquished Creatures (others)
  10 plants (D:2)
10 creatures vanquished.

Grand Total: 42 creatures vanquished

Notes
Turn   | Place    | Note
-------+----------+-------------------------------------------
     0 | D:1      | zeram the Gargoyle Fighter began the quest for the Orb.
     0 | D:1      | Reached XP level 1. HP: 14/14 MP: 1/1
   384 | D:1      | Reached XP level 2. HP: 18/19 MP: 2/2
   454 | D:1      | Found a faded altar of an unknown god.
   815 | D:2      | Reached XP level 3. HP: 9/24 MP: 3/3
  1180 | D:2      | Noticed Jessica
  1189 | D:2      | Killed Jessica
  1247 | D:2      | Reached XP level 4. HP: 28/29 MP: 4/4
  1724 | D:2      | Noticed Sigmund
  1742 | D:2      | Mangled by Sigmund

Illustrated notes

Levels and vault maps discovered:
D:1:      eino_arrival_cavern_b, layout_rooms, serial_glass, glass_columns_a,
          glass_columns_a, shapermc_ecumenical_altar_ellora
D:2:      layout_basic, serial_bayou, serial_bayou_ford_a, serial_bayou_pond_b,
          serial_bayou_lake_a, serial_bayou_pond_e, kennysheep_big_empty_room,
          minmay_randomly_rotated_circles, uniq_jessica, uniq_sigmund

Skill      XL: |  1  2  3  4 |
---------------+-------------+-----
Maces & Flails | 3 |  3.0
Fighting       | |  3.9
Armour         | |  3.9
Dodging        | |  0.3
Shields        | |  3.6

Action                   |  1- 3 |  4- 6 || total
-------------------------+-------+-------++-------
Melee: Flail             |    82 |    28 ||   110
       Unarmed           |       |     4 ||     4
  Use: Potion            |       |     1 ||     1
Armor: Scale mail        |    41 |    25 ||    66
Dodge: Dodged            |    32 |    29 ||    61
Block: Buckler           |    20 |    11 ||    31
